 Dungeon Crawl Stone Soup version 0.27.1-34-g3ba077fa99 (webtiles) character file.

Game seed: 1572253462704476848

6169 Arum the Fighter (level 11, -9/92 HPs)
             Began as a Formicid Fighter on Jan 4, 2022.
             Was an Initiate of Gozag.
             Mangled by an orc knight (45 damage)
             ... in a bailey.
             The game lasted 00:15:31 (10167 turns).

Arum the Fighter (Formicid Fighter)                Turns: 10167, Time: 00:15:31

Health: -9/92      AC: 17    Str: 29    XL:     11   Next: 13%
Magic:  11/11      EV: 10    Int:  9    God:    Gozag
Gold:   1333       SH: 12    Dex: 12    Spells: 10/10 levels left

rFire    . . .     SeeInvis +   D - +7 quarterstaff "Naciuv" {flame, Str+8}
rCold    . . .     Faith    .   c - +0 kite shield
rNeg     . . .     Spirit   .   b - +0 scale mail
rPois    .         Reflect  .   (helmet unavailable)
rElec    .         Harm     .   p - +2 cloak {Will+}
rCorr    .         Rampage  .   i - +1 pair of gloves
Will     ++...                  (no boots)
Stlth    ..........             (no amulet)
HPRegen  0.25/turn              y - +4 ring of protection
MPRegen  0.12/turn              I - +4 ring of slaying

@: mighty, invisible
A: permanent stasis, dig shafts and tunnels, antennae 3, four strong arms
a: Dig, Renounce Religion, Potion Petition, Call Merchant, Bribe Branch


You were in a bailey.
You worshipped Gozag.
Gozag was most pleased with you.
You visited 2 branches of the dungeon, and saw 10 of its levels.
You also visited: Sewer and Bailey.

You collected 1471 gold pieces.
You spent 15 gold pieces at shops.
You paid 123 gold pieces to Gozag.

Inventory:

Hand Weapons
 a - a +0 quarterstaff
 f - a +2 scimitar of flaming
 o - a +4 quarterstaff of chaos
 D - the +7 quarterstaff "Naciuv" (weapon) {flame, Str+8}
   (You found it on level 6 of the Dungeon)

   It burns those it strikes, dealing additional fire damage.
   Str:       It affects your strength (+8).
Armour
 b - a +0 scale mail (worn)
 c - a +0 kite shield (worn)
 i - a +1 pair of gloves (worn)
 n - a scarf of repulsion
 p - a +2 cloak of willpower (worn)
 v - +0 fire dragon scales
Magical Staves
 h - a staff of earth
Jewellery
 j - a +6 ring of intelligence
 y - a +4 ring of protection (left hand)
 G - a +6 ring of intelligence
 I - a +4 ring of slaying (right hand)
 K - a +6 ring of dexterity
Wands
 e - a wand of flame (13)
 u - a wand of polymorph (15)
Scrolls
 l - 2 scrolls of fear
 m - 3 scrolls of summoning
 q - 3 scrolls of noise
 x - a scroll of vulnerability
 B - 2 scrolls of enchant armour
 C - 3 scrolls of fog
 F - 6 scrolls of enchant weapon
 H - a scroll of immolation
Potions
 d - 4 potions of might
 g - 6 potions of flight
 k - 4 potions of heal wounds
 r - a potion of mutation
 s - a potion of resistance {unknown}
 t - 3 potions of curing
 w - 2 potions of magic
 z - a potion of brilliance {unknown}
 E - 5 potions of invisibility
 J - 3 potions of haste


   Skills:
 + Level 10.7 Fighting
 + Level 9.5 Staves
 + Level 7.6 Armour
 - Level 9.0 Shields


You had 10 spell levels left.
You didn't know any spells.
Your spell library contained the following spells:

 Spells                   Type           Power      Damage    Failure   Level
 Foxfire                  Conj/Fire      0%         2x1d4     61%         1
 Ensorcelled Hibernation  Hex/Ice        0%         N/A       75%         2
 Conjure Flame            Conj/Fire      0%         6-21      93%         3
 Inner Flame              Hex/Fire       0%         N/A       93%         3
 Lesser Beckoning         Tloc           0%         N/A       93%         3
 Spider Form              Tmut/Pois      0%         N/A       93%         3
 Manifold Assault         Tloc           0%         N/A       100%        5
 Shadow Creatures         Summ           N/A        N/A       100%        6
 Blink                    Tloc           Unusable   N/A       N/A         2

Dungeon Overview and Level Annotations

Branches:
Dungeon (9/15)             Temple (1/1) D:4           Sewer (visited)
 Bailey (1/1)
   Lair: D:8-11         Orc: D:9-12

Altars:
Ashenzari
Cheibriados
Dithmenos
Elyvilon
Fedhas
Gozag
Kikubaaqudgha
Makhleb
Nemelex Xobeh
Okawaru
Qazlal
Sif Muna
Trog
Uskayaw
Vehumet
Wu Jian
Xom
Yredelemnul
Zin
The Shining One

Shops:
D:6 *

Annotations:
D:8 2 transporters, exclusion: oklob plant, Silentstumbler's ghost, novice FeCj


Innate Abilities, Weirdness & Mutations

You cannot be hasted, slowed, berserked, paralysed or teleported.
You can dig through walls and to a lower floor.
You have a pair of large antennae on your head. (SInv)
Your four strong arms can wield two-handed weapons with a shield.


Message History

The puff of flame misses the orc knight.
The orc knight roars a battlecry!
You hear a shout!
Aiming: Throw Flame
Press: ? - help, Shift-Dir - straight line, f/p - orc knight
Aim: an orc knight, wielding a +0 halberd and wearing a +0 ring mail (moderately wounded, 60% to hit)
The puff of flame misses the orc knight.
Aiming: Throw Flame
Press: ? - help, Shift-Dir - straight line, f/p - orc knight
Aim: an orc knight, wielding a +0 halberd and wearing a +0 ring mail (moderately wounded, 60% to hit)
The puff of flame hits the orc knight.
The orc knight is moderately wounded.
Okay, then.
You feel very mighty all of a sudden.
The orc knight hits you from afar with a +0 halberd.
You block the orc knight's attack.
Things that are here:
a +0 halberd; a +0 plate armour You completely miss the orc knight.
The orc knight is moderately wounded.
The orc knight roars a battlecry!
The orc knight goes into a battle-frenzy!
You thump the orc knight! You burn the orc knight!
The orc knight is severely wounded.
You barely miss the orc knight.
The orc knight is severely wounded.
The orc knight hits you with a +0 halberd.
The orc knight hits you from afar with a +0 halberd!!
You bludgeon the orc knight!! You burn the orc knight.
The orc knight is almost dead.
The orc knight hits you with a +0 halberd!
The orc knight hits you from afar with a +0 halberd!
* * * LOW HITPOINT WARNING * * *
You feel much better. The orc knight closely misses you.
The orc knight hits you but does no damage.
You fade into invisibility!
The orc knight hits you with a +0 halberd!
The orc knight hits you from afar with a +0 halberd!!!
You die...
Your body crumbles into a pile of gold.

####### ############
####.....## ##........∩.##
g.#.......######............#
..'......)#)).)#o...........#
.o'......)))..o)@)...))..).∩#
..'......)#...)#).......))).#
..#.......######.......).)).#
####.....## ##......))∩.##
####### ############


You could see 2 orc knights.

Vanquished Creatures
  Erica (D:8)
  2 orc knights (Bailey)
  A centaur zombie (D:8)
  A troll (D:8)
  A hornet (D:8)
  Prince Ribbit (D:6)
  Grinder (D:3)
  A meliai zombie (D:6)
  2 steam dragons
  2 water moccasins
  2 sky beasts
  An ice beast (D:5)
  10 orc warriors
  A centaur (D:8)
  A kobold brigand (D:9)
  Blork the orc (D:6)
  A bullfrog (D:7)
  3 scorpions
  6 killer bees (D:8)
  4 howler monkeys
  A bullfrog zombie (D:5)
  A jelly (D:6)
  2 hounds (D:5)
  Crazy Yiuf (D:2)
  A centaur skeleton (D:7)
  A bullfrog skeleton (D:6)
  An orc priest (D:7)
  3 orc wizards
  Natasha (thrice) (D:2)
  3 iguanas
  Ijyb (D:4)
  A hound zombie (D:5)
  A hound skeleton (D:5)
  4 gnolls (D:4)
  8 adders
  A white imp (D:7)
  2 ufetubi
  An adder skeleton (D:4)
  4 worms (Sewer)
  4 dart slugs
  42 orcs
  11 ball pythons
  10 bats
  A bat zombie (D:6)
  9 endoplasms
  8 giant cockroaches
  8 hobgoblins
  10 jackals
  6 quokkas
  10 frilled lizards
  12 goblins
  12 kobolds
  5 rats
  3 rat zombies (D:6)
234 creatures vanquished.

Vanquished Creatures (others)
  An orc (D:5)
  A withered plant (D:2)
2 creatures vanquished.

Grand Total: 236 creatures vanquished

Notes
Turn   | Place    | Note
-------+----------+-------------------------------------------
     0 | D:1      | Arum the Formicid Fighter began the quest for the Orb.
     0 | D:1      | Reached XP level 1. HP: 18/18 MP: 1/1
   171 | D:1      | Reached XP level 2. HP: 7/24 MP: 2/2
   585 | D:1      | Reached XP level 3. HP: 30/30 MP: 3/3
  1247 | D:2      | Noticed Natasha
  1254 | D:2      | Killed Natasha
  1255 | D:2      | Reached skill level 4 in Fighting
  1255 | D:2      | Reached XP level 4. HP: 37/37 MP: 4/4
  1359 | D:2      | Found a faded altar of an unknown god.
  1389 | D:2      | Noticed Natasha
  1410 | D:2      | Killed Natasha
  1411 | D:2      | Reached XP level 5. HP: 18/43 MP: 5/5
  2020 | D:2      | Found a runed translucent door.
  2021 | D:2      | Noticed Crazy Yiuf
  2030 | D:2      | Killed Crazy Yiuf
  2031 | D:2      | Reached skill level 5 in Shields
  2211 | D:2      | Noticed Natasha
  2216 | D:2      | Killed Natasha
  2646 | D:3      | You fall into a shaft and drop 2 floors!
  2646 | D:5      | Entered Level 5 of the Dungeon
  2669 | D:5      | Noticed a water moccasin
  2675 | D:5      | Killed a water moccasin
  2676 | D:5      | Reached skill level 5 in Fighting
  2676 | D:5      | Reached XP level 6. HP: 51/51 MP: 6/6
  2832 | D:4      | Reached XP level 7. HP: 56/56 MP: 7/7
  2863 | D:4      | Found a glowing drain.
  2878 | Sewer    | Entered a sewer
  3654 | D:3      | Noticed Grinder
  3662 | D:3      | Killed Grinder
  3663 | D:3      | Reached skill level 6 in Fighting
  3936 | D:3      | Found a shimmering altar of Xom.
  4391 | D:4      | Found a staircase to the Ecumenical Temple.
  4398 | Temple   | Entered the Ecumenical Temple
  4403 | Temple   | Reached skill level 5 in Staves
  4609 | Temple   | Became a worshipper of Gozag Ym Sagoz the Greedy
  4641 | D:4      | Reached XP level 8. HP: 64/64 MP: 8/8
  4931 | D:4      | Noticed Ijyb
  4937 | D:4      | Killed Ijyb
  5545 | D:5      | Reached skill level 7 in Fighting
  6027 | D:6      | Reached XP level 9. HP: 61/72 MP: 9/9
  6451 | D:6      | Identified the +7 quarterstaff "Naciuv" {flame, Str+8}
  6596 | D:6      | Reached skill level 8 in Fighting
  6688 | D:6      | Noticed Prince Ribbit
  6874 | D:6      | Found an iron altar of Okawaru.
  6900 | D:6      | Noticed Blork the orc
  6906 | D:6      | Killed Blork the orc
  7116 | D:6      | Found an ancient bone altar of Kikubaaqudgha.
  7161 | D:6      | Found Queqosom's CLEARANCE SALE! EVERYTHING MUST GO!.
  7178 | D:6      | Bought a potion of curing for 15 gold pieces
  7199 | D:6      | Killed Prince Ribbit
  7349 | D:7      | Found a hide-covered altar of Uskayaw.
  7710 | D:7      | Reached skill level 9 in Fighting
  7893 | D:8      | Reached skill level 5 in Armour
  7893 | D:8      | Reached XP level 10. HP: 83/83 MP: 10/10
  7897 | D:8      | Found a transporter.
  7910 | D:8      | Noticed a seven-headed hydra
  7910 | D:8      | Noticed Silentstumbler's ghost (novice FeCj)
  7910 | D:8      | Noticed a centaur warrior
  7931 | D:8      | Noticed an oklob plant
  7967 | D:8      | Found a transporter.
  8088 | D:8      | Noticed Erica
  8117 | D:8      | Killed Erica
  8391 | D:8      | Reached skill level 10 in Fighting
  9211 | D:9      | Found a flagged portal.
  9231 | Bailey   | Entered a bailey
  9598 | Bailey   | Noticed an orc knight
  9599 | Bailey   | Noticed an orc knight
  9599 | Bailey   | Noticed an orc knight
  9692 | Bailey   | Killed an orc knight
  9693 | Bailey   | Reached XP level 11. HP: 55/92 MP: 11/11
 10060 | Bailey   | Noticed an orc knight
 10077 | Bailey   | Killed an orc knight
 10167 | Bailey   | Mangled by an orc knight

Illustrated notes

Levels and vault maps discovered:
D:1:      matt_arrival_refuge, layout_basic, minmay_pentomino_x2
D:2:      layout_loops_ring, ebering_ecumenical_altar_petrified,
          minmay_misc_feat_rugged, minivault_27, chequers_serial_rivers_room_b,
          chequers_serial_rivers_large_a, uniq_natasha, uniq_crazy_yiuf_cottage
D:3:      layout_loops_corners, mainiacjoe_overflow_brackets, uniq_grinder
D:4:      layout_basic, minmay_temple_entry_ruins, portal_sewer_entry_f,
          minmay_pentangle, uniq_ijyb
D:5:      layout_basic
D:6:      layout_loops_ring, lemuel_zombie_altar_kikubaaqudgha,
          okawaru_ov_weapons_minmay, nicolae_shop_clearance,
          uniq_prince_ribbit1, uniq_blork_the_orc
D:7:      layout_gridville, mainiacjoe_overflow_cross_hatched
D:8:      layout_basic, nzn_ghost_randoct, grunt_ministairs_7, uniq_erica
D:9:      layout_long_grid, enter_bailey_3, minivault_1
Temple:   regret_index_temple_sphere_string
Bailey:   bailey_polearm_5, bailey

Skill      XL: |  1  2  3  4  5  6  7  8  9 10 |
---------------+-------------------------------+-----
Shields        | 4 5 6 8 9 |  9.0
Fighting       | 4 5 6 7 9 10 | 10.7
Staves         | 3 4 5 6 8 9 |  9.5
Armour         | 5 7 |  7.6

Action                   |  1- 3 |  4- 6 |  7- 9 | 10-12 || total
-------------------------+-------+-------+-------+-------++-------
Melee: Quarterstaff      |    91 |    88 |   363 |   137 ||   679
 Abil: Dig               |       |     1 |       |     2 ||     3
Evoke: Wand              |       |       |       |    33 ||    33
  Use: Scroll            |       |     5 |     6 |     2 ||    13
       Potion            |       |     1 |     2 |     4 ||     7
Armor: Scale mail        |    26 |    24 |   144 |    54 ||   248
Dodge: Dodged            |    19 |    25 |   122 |    44 ||   210
Block: Kite shield       |    52 |    43 |   239 |   104 ||   438
